 Dungeon Crawl Stone Soup version 0.25-a0-502-g6516661a7a (console) character file.

Game seed: 249070594538210033, levelgen mode: deterministic

90 utis the Stinger (level 4, -1/24 HPs)
             Began as a Tengu Venom Mage on Feb 12, 2020.
             Slain by a centaur (9 damage)
             ... on level 3 of the Dungeon.
             The game lasted 00:10:31 (2719 turns).

utis the Stinger (Tengu Venom Mage)                 Turns: 2719, Time: 00:10:32

Health: -1/24      AC:  3    Str: 10    XL:     4   Next: 56%
Magic:  2/8        EV: 19    Int: 15    God:
Gold:   143        SH:  0    Dex: 14    Spells: 1/7 levels left

rFire    . . .     SeeInvis .   a - +0 short sword
rCold    . . .     Gourm    .   (no shield)
rNeg     . . .     Faith    .   o - +0 leather armour
rPois    .         Spirit   .   (helmet restricted)
rElec    .         Reflect  .   (no cloak)
rCorr    .         Harm     +   (no gloves)
MR       .....                  (boots unavailable)
Stlth    ++........             m - amulet of harm
HPRegen  0.08/turn              E - +4 ring of evasion
MPRegen  0.11/turn              (no ring)

@: flying quickly and evasively, very slightly contaminated, invisible, quick
A: beak, talons 3
a: no special abilities


You were on level 3 of the Dungeon.
You were hungry.

You visited 1 branch of the dungeon, and saw 3 of its levels.

You collected 143 gold pieces.

Inventory:

Hand Weapons
 a - a +0 short sword (weapon)
 d - a +0 whip
 e - a +0 dagger
Missiles
 f - 83 stones (quivered)
Armour
 h - a +0 ring mail
 o - a +0 leather armour (worn)
 v - a +0 robe
Jewellery
 g - an uncursed amulet of regeneration {@e1}
 m - an amulet of harm (around neck)
 p - an uncursed ring of protection from cold {unknown}
 E - a +4 ring of evasion (left hand)
Scrolls
 b - a scroll of blinking {unknown}
 i - 2 scrolls of remove curse {unknown}
 j - 3 scrolls of identify {unknown}
 k - a scroll of teleportation {unknown}
 n - a scroll of noise {unknown}
 r - a scroll of enchant armour {unknown}
 u - a scroll of random uselessness {unknown}
Potions
 l - a potion of invisibility
Comestibles
 c - 3 rations {@e1}
 q - a chunk of flesh


   Skills:
 + Level 3.5 Dodging
 - Level 2.0 Stealth
 - Level 2.0 Spellcasting
 - Level 0.7 Transmutations
 + Level 2.5 Air Magic
 + Level 3.9 Poison Magic


You had one spell level left.
You knew the following spells:

 Your Spells              Type           Power        Failure   Level  Hunger
a - Sting                 Tmut/Pois      #...         12%         1    #......
p - Mephitic Cloud        Conj/Pois/Air  #.......     36%         3    ###....
Y - Poisonous Vapours     Pois/Air       ##....       12%         2    ###....

Your spell library contained the following spells:

 Spells                   Type           Power        Failure   Level  Hunger
 Ignite Poison            Fire/Tmut/Pois #.......     43%         3    ###....
 Olgreb's Toxic Radiance  Pois           ##......     52%         4    #####..


Dungeon Overview and Level Annotations

Branches:
Dungeon (3/15)

Altars:


Innate Abilities, Weirdness & Mutations

You have a beak for a mouth.
You have claws for feet.


Message History

Unknown command.
It was a potion of invisibility.
You fade into invisibility!
You are feeling hungry.
The centaur closely misses you. The centaur misses you.
It was a potion of flight.
You feel very buoyant.
You swoop lightly up into the air.
The centaur closely misses you.
It was a potion of curing.
You feel better. The centaur completely misses you. x2
You hit the centaur. You claw the centaur, but do no damage.
The centaur is severely wounded.
The centaur hits you.
* * * LOW HITPOINT WARNING * * *
You barely miss the centaur.
The centaur is almost dead.
The centaur misses you. The centaur completely misses you.
You hit the centaur. Your peck misses the centaur.
The centaur is almost dead.
The centaur hits you!
You die...

...... ░░
....... ░..
░░...... .░. ░.
...>.... .. ...
░......░░.░....
░.......?......
░.....░c....░
░.....░Q....░
░.....<.....░
░.....░.....░
...░░........░
. ░........░░
.....░.░....
░....!+.....░░
.......░.░░..░
..░░░.. .. ./░


You could see a centaur.

Vanquished Creatures
  3 adders (D:2)
  2 dart slugs
  2 leopard geckos
  A giant cockroach (D:1)
  5 goblins
  9 hobgoblins
  5 jackals (D:2)
  4 bats
  5 frilled lizards (D:1)
  8 kobolds
  12 rats
56 creatures vanquished.

Notes
Turn   | Place    | Note
-------+----------+-------------------------------------------
     0 | D:1      | utis the Tengu Venom Mage began the quest for the Orb.
     0 | D:1      | Reached XP level 1. HP: 10/10 MP: 4/4
   275 | D:1      | Reached XP level 2. HP: 9/15 MP: 3/6
   392 | D:1      | Learned a level 2 spell: Poisonous Vapours
   773 | D:1      | Reached skill level 1 in Air Magic
   854 | D:1      | Reached XP level 3. HP: 19/19 MP: 4/7
  1708 | D:2      | Reached XP level 4. HP: 19/24 MP: 4/8
  1798 | D:2      | Learned a level 3 spell: Mephitic Cloud
  1925 | D:2      | Found a faded altar of an unknown god.
  2659 | D:3      | Noticed a centaur
  2719 | D:3      | Slain by a centaur

Levels and vault maps discovered:
D:1:      dpeg_arrival_boxorama, layout_basic
D:2:      wad_pebble_path, layout_loops_ring,
          chequers_ecumenical_altar_simple_redux, mrwooster_statue_mirror,
          minmay_rat_gold_closets
D:3:      layout_basic, uniq_crazy_yiuf_cottage

Skill      XL: |  1  2  3 |
---------------+----------+-----
Air Magic      | 1 2 |  2.5
Dodging        | 3 |  3.5
Stealth        | |  2.0
Spellcasting   | |  2.0
Transmutations | |  0.7
Poison Magic   | |  3.9

Action                   |  1- 3 |  4- 6 || total
-------------------------+-------+-------++-------
Melee: Dagger            |     9 |       ||     9
       Peck              |     4 |       ||     4
       Whip              |     9 |    16 ||    25
       Kick              |     2 |     3 ||     5
       Short sword       |       |     3 ||     3
 Cast: Sting             |    23 |    13 ||    36
       Poisonous Vapours |    17 |     8 ||    25
  Use: Potion            |       |     3 ||     3
 Stab: Sleeping          |     1 |     1 ||     2
  Eat: Chunk             |     4 |     4 ||     8
Armor: Robe              |     3 |       ||     3
       Leather armour    |     5 |     2 ||     7
Dodge: Dodged            |    28 |    25 ||    53

Table legend:
 A = Non-vault XP
 B = Vault XP
 C = Vault XP percentage of total XP
 D = Non-vault monster count
 E = Vault monster count
 F = Vault count percentage of total count
                 A         B        C        D         E       F
            +---------+---------+-------+---------+---------+-------
      Total |     121 |       8 |   6.2 |      48 |       8 |  14.3
            +---------+---------+-------+---------+---------+-------
        D:1 |      38 |       0 |   0.0 |      24 |       0 |   0.0
        D:2 |      79 |       8 |   9.2 |      22 |       8 |  26.7
        D:3 |       4 |       0 |   0.0 |       2 |       0 |   0.0
            +---------+---------+-------+---------+---------+-------
